 Dungeon Crawl Stone Soup version 0.25.1-2-g60ff931df9 (webtiles) character file.

Game seed: 7606795358329299900

4701 Duder the Basher (level 10, -1/90 HPs)
             Began as a Minotaur Berserker on Oct 9, 2020.
             Was an Elder of Trog.
             Slain by a death yak (10 damage)
             ... on level 8 of the Dungeon.
             The game lasted 00:27:01 (7482 turns).

Duder the Basher (Minotaur Berserker)               Turns: 7482, Time: 00:27:02

Health: -1/90      AC: 21    Str: 25    XL:     10   Next: 21%
Magic:  9/9        EV: 11    Int:  4    God:    Trog [****..]
Gold:   489        SH:  0    Dex: 10    Spells: 9/9 levels left

rFire    . . .     SeeInvis .   A - +6 whip (vorpal)
rCold    + + .     Gourm    .   (no shield)
rNeg     . . .     Faith    .   F - +2 chain mail {rC+}
rPois    .         Spirit   .   (helmet restricted)
rElec    .         Reflect  .   w - +2 cloak {MR+}
rCorr    .         Harm     .   a - +0 pair of gloves
MR       ++++.                  k - +2 pair of boots
Stlth    ..........             (no amulet)
HPRegen  1.25/turn              h - ring of protection from cold
MPRegen  0.11/turn              B - ring of protection from magic

@: berserk cooldown, regenerating (expiring), slowed, very slow
A: retaliatory headbutt, horns 2
a: Berserk, Trog's Hand, Brothers in Arms, Renounce Religion


You were on level 8 of the Dungeon.
You worshipped Trog.
Trog was greatly pleased with you.
You were very hungry.

You visited 1 branch of the dungeon, and saw 8 of its levels.

You collected 489 gold pieces.

Inventory:

Hand Weapons
 A - a +6 vorpal whip (weapon)
Missiles
 i - 144 stones (quivered)
 o - 14 poisoned darts
 q - 2 silver boomerangs
Armour
 a - a +0 pair of gloves (worn)
 k - a +2 pair of boots (worn)
 w - a +2 cloak of magic resistance (worn)
 F - a +2 chain mail of cold resistance (worn)
 H - a cursed +0 plate armour
Jewellery
 f - an uncursed ring of positive energy
 h - a ring of protection from cold (left hand)
 B - a ring of protection from magic (right hand)
Wands
 n - a wand of iceblast (11)
 C - a wand of clouds (4)
 E - a wand of random effects (26)
Scrolls
 m - 2 scrolls of magic mapping
 p - 2 scrolls of immolation
 t - 3 scrolls of remove curse
 u - a scroll of teleportation
 y - a scroll of amnesia
 z - a scroll of random uselessness
 I - a scroll of vulnerability
 J - a scroll of acquirement {unknown}
Potions
 b - a potion of haste {unknown}
 d - 6 potions of curing {unknown}
 g - 3 potions of brilliance
 l - a potion of magic {unknown}
 r - 3 potions of might {unknown}
 s - 3 potions of mutation {unknown}
Comestibles
 c - 15 rations
 G - 7 chunks of flesh


   Skills:
 + Level 8.6 Fighting
 * Level 11.5 Maces & Flails
 - Level 3.0 Throwing
 + Level 8.2 Armour
 + Level 7.4 Dodging


You had 9 spell levels left.
You didn't know any spells.
Your spell library was empty.

Dungeon Overview and Level Annotations

Branches:
Dungeon (8/15)             Temple (0/1) D:7            Lair (0/6) D:8

Altars:
Nemelex Xobeh
Zin


Innate Abilities, Weirdness & Mutations

You reflexively headbutt those who attack you in melee.
You have a pair of horns on your head.


Message History

The death yak gores your ogre!! x2
Your ogre dies!
Your ogre's corpse disappears in a puff of smoke!
The death yak closely misses you. You furiously retaliate!
You headbutt the death yak. The death yak gores you!
You hit the death yak.
The death yak is heavily wounded.
The death yak gores you!
* * * LOW HITPOINT WARNING * * *
You hit the death yak but do no damage.
The death yak is heavily wounded.
You feel the effects of Trog's Hand fading.
You hit the death yak but do no damage.
The death yak is heavily wounded.
The death yak gores you!
* * * LOW HITPOINT WARNING * * *
You completely miss the death yak. Your headbutt misses the death yak.
The death yak is heavily wounded.
The death yak gores you!
You die...

##......### .... ###...##
##......... #### #...#
##......>... ...# #...#
#.....#..(.. .#.# #...#
##....)...... .#.#### #...#
#.......(....
.#....###...#####.#....(...
#####.............##.#..####.
.#.......(......@............
.#...<..........Y.##.#.#####.
.#.####.#...#.###..†.".# ...
#.#...#.# ####.#### ##
#.#...#.# #....# #.#...#.#
#....# #.......# ##...#
###...### ##.## #####.## #.#


You could see a death yak.

Vanquished Creatures
  A two-headed ogre (D:8)
  A death yak (D:8)
  Prince Ribbit (D:6)
  A spriggan (D:7)
  Sigmund (D:3)
  A hungry ghost (D:8)
  Edmund (D:5)
  Duvessa (D:5)
  2 porcupines (D:8)
  A sky beast (D:6)
  An ice beast (D:3)
  An ogre (D:7)
  2 orc warriors
  A big kobold (D:8)
  Blork the orc (D:6)
  2 bullfrogs
  2 scorpions
  A water moccasin skeleton (D:4)
  Dowan (D:5)
  2 crimson imps
  Crazy Yiuf (D:3)
  A bullfrog zombie (D:6)
  A centaur zombie (D:5)
  A jelly (D:8)
  An orc priest (D:4)
  4 hounds
  4 orc wizards
  A gnoll shaman (D:4)
  5 iguanas
  4 worker ants
  6 gnolls
  A river rat (D:8)
  9 adders
  A shadow imp (D:6)
  4 oozes
  An adder zombie (D:8)
  3 worms
  5 dart slugs
  6 leopard geckos
  24 orcs
  3 bats
  5 giant cockroaches
  6 goblins
  5 hobgoblins
  8 jackals
  10 kobolds
  A quokka (D:8)
  6 frilled lizards
  A leopard gecko zombie (D:8)
  11 rats
164 creatures vanquished.

Vanquished Creatures (collateral kills)
  A death yak (D:8)
1 creature vanquished.

Grand Total: 165 creatures vanquished

Notes
Turn   | Place    | Note
-------+----------+-------------------------------------------
     0 | D:1      | Duder the Minotaur Berserker began the quest for the Orb.
     0 | D:1      | Reached XP level 1. HP: 19/19 MP: 0/0
   279 | D:1      | Reached XP level 2. HP: 25/27 MP: 1/1
   774 | D:1      | Reached skill level 4 in Maces & Flails
   925 | D:2      | Reached XP level 3. HP: 33/33 MP: 2/2
  1043 | D:2      | Reached skill level 1 in Throwing
  1051 | D:2      | Reached XP level 4. HP: 40/40 MP: 3/3
  1110 | D:2      | Reached ** piety under Trog
  1183 | D:2      | Found a sparkling altar of Nemelex Xobeh.
  1199 | D:2      | Found a glowing silver altar of Zin.
  1704 | D:3      | Reached skill level 5 in Maces & Flails
  1724 | D:3      | Found a runed translucent door.
  1725 | D:3      | Noticed Crazy Yiuf
  1809 | D:3      | Noticed an ice beast
  1821 | D:3      | Killed an ice beast
  1821 | D:3      | Reached XP level 5. HP: 21/47 MP: 4/4
  2211 | D:3      | Noticed Sigmund
  2229 | D:3      | Killed Sigmund
  2229 | D:3      | Reached skill level 6 in Maces & Flails
  2229 | D:3      | Reached XP level 6. HP: 55/55 MP: 5/5
  2572 | D:3      | Killed Crazy Yiuf
  2572 | D:3      | Reached skill level 5 in Fighting
  2812 | D:4      | Reached XP level 7. HP: 61/61 MP: 6/6
  3079 | D:4      | Reached *** piety under Trog
  3090 | D:4      | Reached skill level 7 in Maces & Flails
  3540 | D:5      | Entered Level 5 of the Dungeon
  3640 | D:5      | Reached skill level 5 in Armour
  3919 | D:5      | Noticed Dowan
  3920 | D:5      | Noticed Duvessa
  3932 | D:5      | Killed Dowan
  3951 | D:5      | Killed Duvessa
  3951 | D:5      | Reached XP level 8. HP: 7/70 MP: 7/7
  4281 | D:5      | Noticed Edmund
  4298 | D:5      | Killed Edmund
  4861 | D:6      | Noticed Prince Ribbit
  4883 | D:6      | Killed Prince Ribbit
  4883 | D:6      | Reached skill level 8 in Maces & Flails
  4883 | D:6      | Reached skill level 5 in Dodging
  5274 | D:6      | Reached skill level 9 in Maces & Flails
  5315 | D:6      | Reached **** piety under Trog
  5442 | D:6      | Noticed Blork the orc
  5456 | D:6      | Killed Blork the orc
  5726 | D:7      | Reached XP level 9. HP: 79/79 MP: 8/8
  6119 | D:7      | Found a staircase to the Ecumenical Temple.
  6851 | D:8      | Noticed a death yak
  6855 | D:8      | Found a staircase to the Lair.
  6855 | D:8      | Noticed a death yak
  6856 | D:8      | Noticed a death yak
  6862 | D:8      | Reached skill level 10 in Maces & Flails
  6871 | D:8      | HP: 1/79 [death yak (5)]
  7264 | D:8      | Noticed a two-headed ogre
  7276 | D:8      | Killed a two-headed ogre
  7319 | D:8      | Reached skill level 11 in Maces & Flails
  7457 | D:8      | Killed a death yak
  7457 | D:8      | Reached XP level 10. HP: 90/90 MP: 9/9
  7472 | D:8      | Killed a death yak
  7482 | D:8      | Slain by a death yak

Illustrated notes

Levels and vault maps discovered:
D:1:      dpeg_arrival_arbitrary_b, layout_loops_corners
D:2:      layout_loops_ring, nicolae_overflow_crystal_walls,
          nemelex_dance_club_becter
D:3:      layout_rooms, first_ration, minmay_cut_off, uniq_sigmund,
          uniq_crazy_yiuf_cottage
D:4:      layout_basic
D:5:      layout_basic, uniq_edmund, uniq_duvessa
D:6:      layout_loops_cross, nrook_loot_triangle, uniq_prince_ribbit1,
          uniq_blork_the_orc
D:7:      layout_layer_cave, minmay_temple_entry_overgrown, the_bakery
D:8:      layout_loops_cross, dpeg_lair_monsters, gammafunk_ghost_grave

Skill      XL: |  1  2  3  4  5  6  7  8  9 |
---------------+----------------------------+-----
Maces & Flails | 4 5 6 7 9 11 | 11.5
Fighting       | 4 5 7 8 |  8.6
Armour         | 3 4 5 6 8 |  8.2
Throwing       | 1 2 3 |  3.0
Dodging        | 3 4 5 7 |  7.4

Action                   |  1- 3 |  4- 6 |  7- 9 | 10-12 || total
-------------------------+-------+-------+-------+-------++-------
Melee: Mace              |    49 |    88 |       |       ||   137
       Headbutt          |     5 |    23 |    76 |     2 ||   106
       Whip              |       |    45 |   358 |    12 ||   415
Throw: Stone             |       |    48 |    48 |       ||    96
Invok: Trog's Hand       |       |     1 |     3 |       ||     4
       Berserk           |       |     1 |     2 |       ||     3
       Brothers in Arms  |       |       |     1 |     1 ||     2
  Use: Scroll            |     3 |     3 |    12 |       ||    18
 Stab: Invisible         |       |     1 |       |       ||     1
  Eat: Chunk             |       |     7 |    12 |     1 ||    20
       Ration            |       |       |     2 |       ||     2
Armor: Ring mail         |     6 |       |       |       ||     6
       Chain mail        |    29 |    65 |   136 |     3 ||   233
Dodge: Dodged            |    29 |    65 |   115 |     8 ||   217
